 Dungeon Crawl Stone Soup version 0.24.0-13-gcf9b319 (webtiles) character file.

Game seed: 9143743680628418505, levelgen mode: deterministic

743 Fortress the Conjurer (level 7, 0/50 HPs)
             Began as a Yellow Draconian Conjurer on Jan 12, 2020.
             Slain by a sky beast (5 damage)
             ... on level 5 of the Dungeon.
             The game lasted 00:20:25 (4585 turns).

Fortress the Conjurer (Yellow Draconian Conjurer)   Turns: 4585, Time: 00:20:26

Health: 0/50       AC: 10    Str: 10    XL:     7   Next: 47%
Magic:  12/14      EV: 12    Int: 17    God:
Gold:   238        SH:  0    Dex: 12    Spells: 9/16 levels left

rFire    + . .     SeeInvis .   c - +2 dagger (flame)
rCold    . . .     Gourm    .   (no shield)
rNeg     . . .     Faith    .   (armour unavailable)
rPois    .         Spirit   .   (helmet restricted)
rElec    .         Reflect  .   (no cloak)
rCorr    +         Harm     .   f - +0 pair of gloves
MR       .....                  (no boots)
Stlth    ++........             (no amulet)
HPRegen  0.16/turn              l - +3 ring of protection
MPRegen  0.14/turn              d - ring of protection from fire

@: no status effects
A: spit acid, unfitting armour, claws 1, hooves 1, stinger 1, cold-blooded, acid
resistance, AC +6
a: Breathe Acid


You were on level 5 of the Dungeon.
You were hungry.

You visited 1 branch of the dungeon, and saw 5 of its levels.

You collected 238 gold pieces.

Inventory:

Hand Weapons
 c - a +2 dagger of flaming (weapon)
 q - a +1 dagger of venom
Missiles
 s - 2 atropa-tipped darts (quivered)
Armour
 f - a +0 pair of gloves (worn)
Jewellery
 d - a ring of protection from fire (right hand)
 l - a +3 ring of protection (left hand)
Scrolls
 a - 2 scrolls of enchant armour {unknown}
 h - 3 scrolls of identify
 i - a scroll of magic mapping
 m - a scroll of blinking {unknown}
 n - a scroll of enchant weapon {unknown}
 o - 3 scrolls of fog {unknown}
 p - 2 scrolls of teleportation
Potions
 e - a potion of degeneration {unknown}
 g - a potion of heal wounds {unknown}
 j - a potion of mutation
 k - a potion of might {unknown}
 r - 2 potions of resistance {unknown}
 t - a potion of curing
Comestibles
 b - 6 rations


   Skills:
 - Level 0.6 Short Blades
 - Level 2.0 Dodging
 - Level 2.2 Stealth
 - Level 0.7 Unarmed Combat
 + Level 5.3 Spellcasting
 + Level 7.1 Conjurations


You had 9 spell levels left.
You knew the following spells:

 Your Spells              Type           Power        Failure   Level  Hunger
a - Magic Dart            Conj           ####         1%          1    None
b - Searing Ray           Conj           ####..       1%          2    #......
c - Iskenderun's Mystic   Conj           ####....     8%          4    ####...

Your spell library contained the following spells:

 Spells                   Type           Power        Failure   Level  Hunger
 Dazzling Spray           Conj/Hex       ###...       10%         3    ##.....
 Force Lance              Conj/Tloc      ###.....     32%         4    ####...
 Fulminant Prism          Conj/Hex       ###.......   32%         4    ####...


Dungeon Overview and Level Annotations

Branches:
Dungeon (5/15)
 Temple: D:4-7

Altars:
Nemelex Xobeh

Shops:
D:4 (


Innate Abilities, Weirdness & Mutations

You can spit globs of acid.
Your golden yellow scales are hard. (AC +6)
You cannot fit into any form of body armour.
You are cold-blooded and may be slowed by cold attacks.
You are resistant to acid. (rCorr)
You have sharp fingernails.
You have large cloven feet.
Your tail ends in a poisonous barb.


Message History

* * * LOW HITPOINT WARNING * * *
Something shocks you.
* * * LOW HITPOINT WARNING * * *
It was a potion of mutation.
You feel extremely strange.
Your fingernails lengthen.
A poisonous barb forms on the end of your tail.
Your feet thicken and deform.
Something completely misses you.
Okay, then.
You miss something. Something hits you but does no damage.
You hit something. You burn something.
Your tail-slap misses something.
Something hits you but does no damage.
You closely miss something. You tail-slap something.
Something hits you but does no damage.
You hit something. You burn something. Something hits you but does no damage.
You miss something. Something hits you but does no damage.
You miss something. Something hits you.
* * * LOW HITPOINT WARNING * * *
Something shocks you.
You die...

.... ..... .....
.....#### #.# ####
......# ..# #...
#..=.# #..#.##...
#....# ...#.##...
#..{.####...#.##...
##†@.......#
#.##...
...............#
#.##...
.##...#.......##
#.###..
#...#.......# #.#
#.. #..
#.......####.###..
....
+...†....#.......†
###.
##..####.#.#.###.#
#. #... #...#.# #.#
###.#######.# #.#


There were no monsters in sight!

Vanquished Creatures
  A phantom (D:4)
  An ogre (D:2)
  2 scorpions (D:4)
  A bullfrog zombie (D:5)
  2 hounds (D:4)
  2 orc wizards (D:4)
  A bullfrog skeleton (D:4)
  3 iguanas
  A hound skeleton (D:4)
  3 gnolls (D:4)
  6 adders
  3 oozes
  An adder skeleton (D:4)
  4 worms (D:3)
  5 leopard geckos
  13 orcs
  7 bats
  A giant cockroach (D:3)
  8 goblins
  8 hobgoblins
  2 quokkas
  4 ball pythons
  3 frilled lizards
  6 kobolds
  8 rats
96 creatures vanquished.

Notes
Turn   | Place    | Note
-------+----------+-------------------------------------------
     0 | D:1      | Fortress the Draconian Conjurer began the quest for the
                  | Orb.
     0 | D:1      | Reached XP level 1. HP: 14/14 MP: 3/3
   210 | D:1      | Reached XP level 2. HP: 9/20 MP: 0/5
  1344 | D:2      | Noticed an ogre
  1354 | D:2      | Reached XP level 3. HP: 26/26 MP: 3/6
  1362 | D:2      | Killed an ogre
  1362 | D:2      | Reached skill level 5 in Conjurations
  1362 | D:2      | Reached XP level 4. HP: 28/33 MP: 2/8
  1950 | D:2      | Reached XP level 5. HP: 38/38 MP: 7/9
  2068 | D:2      | You fall into a shaft and drop 2 floors!
  2888 | D:3      | Learned a level 2 spell: Searing Ray
  2893 | D:3      | Learned a level 4 spell: Iskenderun's Mystic Blast
  3304 | D:4      | Reached skill level 6 in Conjurations
  3304 | D:4      | Reached XP level 6. HP: 29/45 MP: 3/11
  3702 | D:4      | Found Alypeq's Weapon Emporium.
  3747 | D:4      | Your scales start taking on a golden yellow colour.
  3747 | D:4      | Reached XP level 7. HP: 21/50 MP: 1/14
  3747 | D:4      | Gained mutation: You are resistant to acid. (rCorr) [Yellow
                  | Draconian growth]
  4014 | D:4      | Reached skill level 5 in Spellcasting
  4216 | D:4      | Found a sparkling altar of Nemelex Xobeh.
  4366 | D:5      | Entered Level 5 of the Dungeon
  4376 | D:5      | Reached skill level 7 in Conjurations
  4579 | D:5      | Gained mutation: You have sharp fingernails. [potion of
                  | mutation]
  4579 | D:5      | Gained mutation: Your tail ends in a poisonous barb.
                  | [potion of mutation]
  4579 | D:5      | Gained mutation: You have large cloven feet. [potion of
                  | mutation]
  4585 | D:5      | Slain by a sky beast

Levels and vault maps discovered:
D:1:      psy_arrival_conway, layout_basic
D:2:      layout_basic, st_stairs_9
D:3:      layout_loops_cross, minmay_misc_feat_plants, grunt_ministairs_9
D:4:      layout_rooms, nemelex_altar_shiori, serial_shops, shop
D:5:      minmay_octagon_keep, layout_basic, serial_shops, kennysheep_mini_moat,
          first_ration

Skill      XL: |  1  2  3  4  5  6  7 |
---------------+----------------------+-----
Stealth        | 2 |  2.2
Dodging        | 2 |  2.0
Conjurations   | 5 6 7 |  7.1
Spellcasting   | 3 4 5 |  5.3
Short Blades   | |  0.6
Unarmed Combat | |  0.7

Action                   |  1- 3 |  4- 6 |  7- 9 || total
-------------------------+-------+-------+-------++-------
Melee: Unarmed           |     9 |       |       ||     9
       Dagger            |    15 |    91 |    28 ||   134
       Tailslap          |     2 |     7 |     2 ||    11
       Punch             |       |     1 |       ||     1
 Cast: Magic Dart        |    34 |   152 |    37 ||   223
       Searing Ray       |       |     4 |     2 ||     6
  Use: Scroll            |     2 |     2 |       ||     4
       Potion            |       |     1 |     1 ||     2
  Eat: Chunk             |     1 |     9 |     2 ||    12
Armor: Skin              |     8 |    30 |    27 ||    65
Dodge: Dodged            |    20 |    87 |     9 ||   116
